 Dungeon Crawl Stone Soup version 0.29-a0-459-g97dee8cd24 (webtiles) character file.

Game seed: 1204824203103846186

105 chopper the Covered (level 4, 0/40 HPs)
             Began as a Minotaur Fighter on May 21, 2022.
             Slain by Sigmund
             ... wielding a +0 scythe
              (7 damage)
             ... on level 3 of the Dungeon.
             The game lasted 00:13:37 (2700 turns).

chopper the Covered (Minotaur Fighter)              Turns: 2700, Time: 00:13:38

Health: 0/40       AC:  7    Str: 23    XL:     4   Next: 53%
Magic:  3/3        EV:  9    Int:  5    God:
Gold:   195        SH:  4    Dex:  9    Spells: 3/3 levels left

rFire   . . .      SeeInvis .   a - +0 war axe
rCold   . . .      Faith    .   c - +0 buckler
rNeg    . . .      Spirit   .   b - +0 scale mail
rPois   .          Reflect  .   (helmet restricted)
rElec   .          Harm     .   (no cloak)
rCorr   .          Rampage  .   (no gloves)
Will    .....                   (no boots)
Stlth   ..........              g - amulet of the acrobat
HPRegen 0.13/turn               (no ring)
MPRegen 0.08/turn               (no ring)

@: mighty
A: horns 2, retaliatory headbutt
a: no special abilities


You were on level 3 of the Dungeon.
You visited 1 branch of the dungeon, and saw 3 of its levels.

You collected 195 gold pieces.

Inventory:

Hand Weapons
 a - a +0 war axe (weapon)
 m - a +1 short sword of electrocution
 v - a +2 whip of venom
Armour
 b - a +0 scale mail (worn)
 c - a +0 buckler (worn)
Jewellery
 g - an amulet of the acrobat (around neck)
Wands
 o - a wand of flame (6)
 s - a wand of digging (2)
Scrolls
 h - a scroll of blinking {unknown}
 j - a scroll of vulnerability {unknown}
 k - 2 scrolls of teleportation
 n - a scroll of poison {unknown}
 p - a scroll of enchant armour {unknown}
 r - a scroll of identify {unknown}
Potions
 e - 3 potions of curing {unknown}
 f - a potion of mutation {unknown}
 i - 2 potions of haste {unknown}
 l - a potion of lignification {unknown}
 q - a potion of attraction {unknown}
 t - a potion of degeneration {unknown}
 u - a potion of flight {unknown}


   Skills:
 + Level 4.1 Fighting
 + Level 3.8 Axes
 + Level 4.5 Armour
 + Level 1.0 Dodging
 + Level 0.1 Stealth
 + Level 4.3 Shields


You had 3 spell levels left.
You didn't know any spells.
Your spell library contained the following spells:

 Spells                   Type           Power      Damage    Failure   Level
 Beastly Appendage        Tmut           0%         N/A       86%         1
 Freeze                   Ice            0%         1d3       86%         1
 Wereblood                Tmut           0%         N/A       95%         2
 Frozen Ramparts          Ice            0%         1d2       99%         3
 Spider Form              Tmut/Pois      0%         N/A       99%         3
 Hailstorm                Conj/Ice       0%         3d3       100%        4


Dungeon Overview and Level Annotations

Branches:
Dungeon (3/15)

Altars:
Cheibriados

Shops:
D:2 [

Annotations:
D:3 Sigmund


Innate Abilities, Weirdness & Mutations

You have a pair of horns on your head.
You reflexively headbutt those who attack you in melee.


Message History

Aiming: Throw Flame
Press: ? - help, Shift-Dir - straight line, f/p - Sigmund
Aim: Sigmund, wielding a +0 scythe and wearing a +0 robe (lightly wounded, 64% to hit)
The puff of flame hits Sigmund.
Sigmund is moderately wounded.
Aiming: Throw Flame
Press: ? - help, Shift-Dir - straight line, f/p - Sigmund
Aim: Sigmund, wielding a +0 scythe and wearing a +0 robe (moderately wounded, 64% to hit)
The puff of flame misses Sigmund.
Sigmund casts a spell at you. The magic dart hits you!
Aiming: Throw Flame
Press: ? - help, Shift-Dir - straight line, f/p - Sigmund
Aim: Sigmund, wielding a +0 scythe and wearing a +0 robe (moderately wounded, 64% to hit)
The puff of flame hits Sigmund!
Sigmund is heavily wounded.
Sigmund gestures at you while chanting.
You are confused.
You're too confused to move!
You're too confused to move!
You're too confused to move!
Sigmund hits you from afar with a +0 scythe!
You feel less confused.
Sigmund points at you and mumbles some strange words.
The magic dart hits you.
You feel very mighty all of a sudden. You block Sigmund's attack.
Sigmund gestures at you while chanting. The magic dart hits you.
You slash Sigmund!
Sigmund is almost dead.
Sigmund mumbles some strange words.
Sigmund flickers and vanishes!
Deactivating autopickup; reactivate with Ctrl-A.
You closely miss something. Something hits you!
* * * LOW HITPOINT WARNING * * *
You closely miss something.
An adder comes into view.
Something hits you!
You die...

..# #.# #.###
..#########.###'##
#...........#....# ###+#
#####....#..'..)รท##.....
#......#.##...........
#........#####........
#........#####...####.
#........#.......#
#......#.##.#.@..#......
#..)####.##.#.{..#.....
#...####.........#.... ...
##.)..######.....#...# ...
#...............#...# ..#
#.....####.....##...# ..#
#<....# #.....##...###..#
####.....####.#..S..........#
...#.##.....#.####........#.#


You could see an adder (wandering).

Vanquished Creatures
  3 adders
  4 worms
  A dart slug (D:2)
  10 bats
  An endoplasm (D:3)
  5 giant cockroaches
  10 goblins
  6 hobgoblins
  A jackal (D:1)
  2 quokkas (D:2)
  2 ball pythons
  5 frilled lizards
  5 kobolds
  7 rats
62 creatures vanquished.

Notes
Turn   | Place    | Note
-------+----------+-------------------------------------------
     0 | D:1      | chopper the Minotaur Fighter began the quest for the Orb.
     0 | D:1      | Reached XP level 1. HP: 19/19 MP: 0/0
   263 | D:1      | Reached XP level 2. HP: 27/27 MP: 1/1
   921 | D:2      | Reached XP level 3. HP: 33/33 MP: 2/2
  1077 | D:2      | Found a faded altar of an unknown god.
  1524 | D:2      | Found Entyj's Armour Shop.
  1799 | D:2      | Reached XP level 4. HP: 40/40 MP: 3/3
  2241 | D:3      | Found a snail-covered altar of Cheibriados.
  2412 | D:3      | Reached skill level 1 in Dodging
  2490 | D:3      | Noticed Sigmund
  2700 | D:3      | Slain by Sigmund

Illustrated notes

Levels and vault maps discovered:
D:1:      nicolae_arrival_memento_mori, layout_loops_cross, minmay_pentomino_r4
D:2:      layout_loops_ring, hellmonk_ecumenical_altar_prayer_group,
          serial_shops, nicolae_shop_window_shopping, kennysheep_potato
D:3:      layout_basic, slow_altar_1, uniq_grinder, uniq_sigmund

Skill      XL: |  1  2  3  4 |
---------------+-------------+-----
Shields        | 4 |  4.3
Armour         | 4 |  4.5
Fighting       | 4 |  4.1
Axes           | 3 |  3.8
Dodging        | 1 |  1.0
Stealth        | |  0.1

Action                   |  1- 3 |  4- 6 || total
-------------------------+-------+-------++-------
Melee: War axe           |    91 |    32 ||   123
       Headbutt          |     9 |     3 ||    12
Evoke: Wand              |       |     4 ||     4
  Use: Scroll            |       |     1 ||     1
       Potion            |       |     1 ||     1
Armor: Scale mail        |    42 |    11 ||    53
Dodge: Dodged            |    64 |    26 ||    90
Block: Buckler           |    32 |    10 ||    42

Table legend: (Time is in decaauts)
 A = Elapsed time spent in this place.
 B = Non-inter-level travel time spent in this place.
 C = Inter-level travel time spent in this place.
 D = Time resting spent in this place.
 E = Time spent auto-exploring this place.
 F = Levels seen in this place.
 G = Mean time per level.
                   A        B        C        D        E       F      G
               +--------+--------+--------+--------+--------+-----+--------+
         Total |   2748 |   2748 |      0 |    482 |      0 |   3 |  916.0 |
       Dungeon |   2748 |   2748 |      0 |    482 |      0 |   3 |  916.0 |
               +--------+--------+--------+--------+--------+-----+--------+

Top non-repeatable levels by time:
     D:2: 1250 daAuts
     D:1: 880 daAuts
     D:3: 617 daAuts
